 Dungeon Crawl Stone Soup version 0.31-a0-1549-g5ff9445e89 (webtiles) character file.

Game seed: 1292605191555952591

2975 TheDoctor the Fighter (level 9, -11/69 HPs)
             Began as an Octopode Shapeshifter on Jan 2, 2024.
             Mangled by an orc
             ... wielding a +2 flail of protection
              (25 damage)
             ... on level 7 of the Dungeon.
             The game lasted 00:29:00 (8668 turns).

TheDoctor the Fighter (Octopode Shapeshifter)       Turns: 8668, Time: 00:29:01

Health: -11/69     AC:  1    Str: 18    XL:     9   Next: 82%
Magic:  9/9        EV:  2    Int: 12    God:
Gold:   368        SH:  0    Dex: 17    Spells: 8/8 levels left

rFire   + .          .
                       - Unarmed
rCold   . . .        (no shield)
rNeg    . . .        (helmet currently unavailable)
rPois   .            (no amulet)
rElec   .            o - ring of protection from fire
rCorr   .            v - +6 ring of dexterity
SInv    .            (no ring)
Will    .....        (no ring)
Stlth   +++          (no ring)
HPRegen 0.31/turn    (no ring)
MPRegen 0.11/turn    (no ring)
                     (no ring)

%: no passive effects
@: beast-form, sleeping
A: beast (slay +3), almost no armour, amphibious, 8 rings, camouflage 1,
gelatinous body 1, (nimble swimmer 1), tentacles
a: Begin Untransformation


You were on level 7 of the Dungeon.
You were a hulking beast.
You visited 2 branches of the dungeon, and saw 8 of its levels.
You also visited: Sewer.

You collected 368 gold pieces.

Inventory:

Hand Weapons
 z - the +5 spear "Moeplud" {flame, rPois rN+ MP+9}
   (You found it on level 4 of the Dungeon)

   rPois:     It protects you from poison rN+: It protects you from negative
   energy.
   MP+9:      It affects your magic capacity (+9).
Missiles
 g - 5 javelins
 A - 6 curare-tipped darts
 F - 2 throwing nets
 H - 7 poisoned darts (quivered)
Magical Staves
 m - a staff of fire
Jewellery
 o - a ring of protection from fire (left tentacle)
 v - a +6 ring of dexterity (right tentacle)
Talismans
 b - a beast talisman (active)
 c - a flux talisman
Wands
 p - a wand of flame (10)
 t - a wand of polymorph (14)
 w - a wand of charming (13)
Scrolls
 e - 3 scrolls of fear
 f - 3 scrolls of poison
 i - 6 scrolls of amnesia
 k - 4 scrolls of identify
 q - 2 scrolls of enchant weapon
 s - a scroll of noise {unknown}
 u - 3 scrolls of teleportation
 y - 3 scrolls of fog {unknown}
 D - 2 scrolls of brand weapon {unknown}
Potions
 d - a potion of haste {unknown}
 h - a potion of curing
 j - 3 potions of heal wounds
 l - a potion of resistance {unknown}
 n - a potion of attraction {unknown}
 r - 3 potions of invisibility {unknown}
 x - a potion of mutation {unknown}
 B - a potion of might {unknown}
 C - a potion of degeneration {unknown}
 E - a potion of brilliance {unknown}
 G - a potion of magic {unknown}


   Skills:
 * Level 9.4 Fighting
 - Level 2.0 Dodging
 + Level 7.3 Unarmed Combat
 + Level 6.8 Shapeshifting


You had 8 spell levels left.
You didn't know any spells.
Your spell library contained the following spells:

 Spells                   Type           Power      Damage    Failure   Level
 Ensorcelled Hibernation  Hex/Ice        0%         N/A       45%         2
 Fugue of the Fallen      Necr           0%         N/A       69%         3
 Inner Flame              Hex/Fire       0%         N/A       69%         3
 Anguish                  Hex/Necr       0%         N/A       97%         4
 Flame Wave               Conj/Fire      0%         2d4       97%         4
 Sticky Flame             Fire/Alch      0%         2d4       97%         4


Dungeon Overview and Level Annotations

Branches:
Dungeon (7/15)             Temple (1/1) D:5           Sewer (visited)

Altars:
Ashenzari
Gozag
Kikubaaqudgha
Makhleb
Qazlal
Ru
Sif Muna
Wu Jian
Yredelemnul
Zin
The Shining One

Shops:
D:3 *

Annotations:
D:3 Grinder


Innate Abilities, Weirdness & Mutations

You are a hulking beast.
Your limbs bulge with bestial killing power. (Slay +3)
You cannot wear most types of armour.
You are amphibious.
You can wear up to eight rings at the same time.
Your skin changes colour to match your surroundings (Stealth+).
Your rubbery body absorbs attacks. (AC +1, EV +1)
((You are camouflaged when in or above water. (Stealth+)))
You have tentacles for arms and can constrict up to eight enemies at once.


Message History

The phantom hits you.
The phantom blinks!
You blink.
A sleepcap comes into view.
You bludgeon the phantom!
You destroy the phantom!
The orc hits you with a +0 whip.
The orc hits you with a +2 flail of protection.
Okay, then.
Press: ? - help, v - describe, . - travel
Here: an orc, wielding a +2 flail of protection The floor.
Unknown command.
Unknown command.
You tentacle-slap the orc priest. Your grab misses the orc priest.
The orc priest is lightly wounded.
The orc priest hits you with a +0 club.
The orc wizard hits you with a +0 dagger.
The orc hits you with a +0 whip.
You bludgeon the orc priest! You grab the orc priest.
You squeeze the orc priest!
You kill the orc priest!
The orc closely misses you.
The orc wizard hits you with a +0 dagger.
The orc closely misses you.
The orc hits you with a +2 flail of protection!
* * * LOW HITPOINT WARNING * * *
The orc attacks as it pursues you! The orc misses you.
The orc barely misses you.
The orc wizard mumbles some strange words.
The orc wizard flickers and vanishes!
Deactivating autopickup; reactivate with Ctrl-A.
The orc attacks as it pursues you! The orc closely misses you.
The orc attacks as it pursues you!
The orc hits you with a +2 flail of protection.
* * * LOW HITPOINT WARNING * * *
The sleepcap releases spores at you.
* * * LOW HITPOINT WARNING * * *
You are engulfed in a cloud of soporific spores!
You fall asleep.
The orc hits you with a +2 flail of protection!!
You die...

######### #....)..#
##### #.#####.#
##...##
#.#####.####o....#
#.##.......hf.o..#
#.##.##.####..)o.#####
#....##.# #........).#
#.......#
#.##..#.##.###
#.####### #.
#.........# ####.#####
#. #...$.#.#.#
#........# #? #..#..#
# ###........# #.
#..#..# ..#........#
....)...


You could see a sleepcap, an orc priest and 2 orcs.

Vanquished Creatures
  A steam dragon (D:6)
  2 ice beasts
  Duvessa (D:7)
  An orc warrior (D:7)
  A centaur (D:7)
  5 ogres
  A phantom (D:7)
  A kobold brigand (D:7)
  3 bullfrogs
  4 scorpions
  Dowan (D:7)
  5 killer bees
  3 hounds
  2 orc priests
  2 bombardier beetles
  2 jellies
  2 sleepcaps
  Ijyb (D:3)
  6 iguanas
  7 orc wizards
  Robin (D:3)
  14 adders
  13 gnolls
  4 river rats
  A white imp (D:7)
  A dart slug (D:4)
  A ribbon worm (D:2)
  8 orcs
  20 ball pythons
  2 bat zombies (D:3)
  9 endoplasms
  A giant cockroach (D:1)
  18 goblins
  13 hobgoblins
  3 quokkas (D:1)
  3 bats
  6 frilled lizards
  A frilled lizard zombie (D:3)
  8 kobolds
  35 rats
213 creatures vanquished.

Notes
Turn   | Place    | Note
-------+----------+-------------------------------------------
     0 | D:1      | TheDoctor the Octopode Shapeshifter began the quest for the
                  | Orb.
     0 | D:1      | Reached XP level 1. HP: 13/13 MP: 1/1
   237 | D:1      | Reached XP level 2. HP: 18/18 MP: 2/2
   665 | D:1      | Reached XP level 3. HP: 24/24 MP: 3/3
   788 | D:2      | Reached skill level 2 in Fighting
  1065 | D:2      | Reached XP level 4. HP: 29/30 MP: 4/4
  1516 | D:3      | Noticed Grinder
  1722 | D:3      | Found Eleneg's Assorted Antiques.
  1896 | D:3      | Noticed Ijyb
  1971 | D:3      | Noticed Robin
  1980 | D:3      | Reached skill level 3 in Fighting
  1996 | D:3      | Reached XP level 5. HP: 28/36 MP: 5/5
  1997 | D:3      | Killed Robin
  2013 | D:3      | Found an ancient bone altar of Kikubaaqudgha.
  2270 | D:3      | Killed Ijyb
  2847 | D:4      | Reached XP level 6. HP: 36/43 MP: 6/6
  3044 | D:4      | Reached skill level 4 in Fighting
  3145 | D:4      | Identified the +5 spear "Moeplud" {flame, rPois rN+ MP+9}
  3969 | D:5      | Entered Level 5 of the Dungeon
  3993 | D:5      | Reached XP level 7. HP: 41/49 MP: 7/7
  4022 | D:5      | Found a glowing silver altar of Zin.
  4208 | D:5      | Reached skill level 5 in Fighting
  4328 | D:5      | Found a glowing drain.
  4332 | Sewer    | Entered a sewer
  4551 | Sewer    | Reached skill level 5 in Unarmed Combat
  4798 | D:5      | Reached skill level 5 in Shapeshifting
  4811 | D:5      | Reached skill level 6 in Fighting
  4828 | D:5      | Reached XP level 8. HP: 57/57 MP: 8/8
  5485 | D:5      | Reached skill level 7 in Fighting
  5889 | D:5      | Found a staircase to the Ecumenical Temple.
  5899 | Temple   | Entered the Ecumenical Temple
  6466 | D:6      | Reached XP level 9. HP: 66/66 MP: 9/9
  6476 | D:6      | Reached skill level 8 in Fighting
  7776 | D:7      | Noticed Dowan
  7777 | D:7      | Noticed Duvessa
  7792 | D:7      | Killed Dowan
  7802 | D:7      | Killed Duvessa
  7803 | D:7      | Reached skill level 9 in Fighting
  8668 | D:7      | Mangled by an orc

Illustrated notes

Levels and vault maps discovered:
D:1:      sevenhm_arrival_forest_fort_small_3, layout_basic
D:2:      layout_rooms, minmay_increasing_density
D:3:      layout_loops_ring, gammafunk_temple_overflow_statue,
          lemuel_zombie_altar_kikubaaqudgha, serial_shops, nicolae_shop_crystal,
          chequers_mini_garden, kennysheep_small_spiral, uniq_ijyb,
          uniq_grinder, uniq_robin
D:4:      layout_loops_ring
D:5:      layout_basic, overflow_temple_1_default,
          minmay_temple_entry_antechambers,
          mainiacjoe_sewer_entry_somewhere_in_here_2
D:6:      layout_cave_pods
D:7:      layout_loops_cross, kennysheep_generic_room_11, uniq_duvessa
Temple:   dpeg_three_leaves_temple

Skill      XL: |  1  2  3  4  5  6  7  8  9 |
---------------+----------------------------+-----
Fighting       | 2 3 4 6 7 9 |  9.4
Unarmed Combat | 4 5 6 7 |  7.3
Shapeshifting  | 4 5 6 |  6.8
Dodging        | |  2.0

Action                     |  1- 3 |  4- 6 |  7- 9 || total
---------------------------+-------+-------+-------++-------
  Melee: Unarmed           |    60 |   128 |   236 ||   424
         Constrict         |    12 |    38 |    55 ||   105
         Tentacles         |     9 |    27 |    56 ||    92
         Punch             |       |     4 |     9 ||    13
         Spear             |       |       |    21 ||    21
  Throw: Javelin           |       |     1 |       ||     1
         Dart              |       |       |     4 ||     4
  Evoke: Wand              |       |       |     7 ||     7
    Use: Scroll            |       |     6 |     1 ||     7
         Potion            |       |     1 |     4 ||     5
   Stab: Sleeping          |     4 |     5 |     6 ||    15
         Distracted        |     1 |       |     1 ||     2
 Armour: Skin              |    22 |    54 |   140 ||   216
  Dodge: Dodged            |    21 |    61 |   149 ||   231
   Form: Beast             |     2 |       |       ||     2
                           |     1 |       |       ||     1

Table legend: (Time is in decaauts)
 A = Elapsed time spent in this place.
 B = Non-inter-level travel time spent in this place.
 C = Inter-level travel time spent in this place.
 D = Time resting spent in this place.
 E = Time spent auto-exploring this place.
 F = Levels seen in this place.
 G = Mean time per level.
                   A        B        C        D        E       F      G
               +--------+--------+--------+--------+--------+-----+--------+
         Total |   8631 |   8373 |    258 |   2062 |   4115 |   9 |  959.0 |
       Dungeon |   8037 |   7779 |    258 |   1850 |   3953 |   7 | 1148.1 |
        Temple |    195 |    195 |      0 |    153 |      0 |   1 |  195.0 |
         Sewer |    399 |    399 |      0 |     59 |    162 |   1 |  399.0 |
               +--------+--------+--------+--------+--------+-----+--------+

Top non-repeatable levels by time:
     D:5: 1650 daAuts
     D:3: 1506 daAuts
     D:6: 1290 daAuts
     D:4: 1182 daAuts
     D:7: 970 daAuts
     D:1: 741 daAuts
     D:2: 696 daAuts
   Sewer: 399 daAuts
  Temple: 195 daAuts
